 Dungeon Crawl Stone Soup version 0.28.0 (webtiles) character file.

Game seed: 13630113118866139911

1803 SnakkuSnakku7 the Martial Artist (level 8, -1/51 (55) HPs)
             Began as a Vampire Fire Elementalist on Feb 14, 2022.
             Was an Initiate of Wu Jian.
             Slain by a wight (4 damage)
             ... on level 7 of the Dungeon.
             The game lasted 00:08:52 (5803 turns).

SnakkuSnakku7 the Martial Artist (VpFE)             Turns: 5803, Time: 00:08:53

HP:   -1/51 (55)    AC:  3    Str:  9    XL:     8   Next: 83%
MP:   11/11         EV: 12    Int: 17    God:    Wu Jian [......]
Gold: 312           SH:  0    Dex: 15    Spells: 10/11 levels left

rFire   . . .      SeeInvis +     - Unarmed
rCold   . . .      Faith    .   (no shield)
rNeg    . . .      Spirit   .   f - +1 robe {Will+}
rPois   .          Reflect  .   (no helmet)
rElec   .          Harm     .   d - scarf {+Inv}
rCorr   .          Rampage  .   (no gloves)
Will    +....                   (no boots)
Stlth   ++........              (no amulet)
HPRegen 0.37/turn               (no ring)
MPRegen 0.12/turn               (no ring)

@: about to teleport, healing quickly, drained
A: alive, fangs 3, see invisible, vampiric 2, [frail 1]
a: Exsanguinate, Renounce Religion, Evoke Invisibility


You were on level 7 of the Dungeon.
You worshipped Wu Jian.
Wu Jian was noncommittal.
You visited 2 branches of the dungeon, and saw 8 of its levels.

You collected 312 gold pieces.

Inventory:

Hand Weapons
 b - a +2 short sword of venom
 w - the +7 trident "Jaoqown" {flame, Stlth+}
   (You found it on level 6 of the Dungeon)

   It burns those it strikes, dealing additional fire damage.
   Stlth:     It makes you more stealthy.
Missiles
 s - 7 poisoned darts
Armour
 a - a +0 robe
 d - a scarf of invisibility (worn)
 f - a +1 robe of willpower (worn)
Jewellery
 v - a +6 ring of dexterity
Wands
 k - a wand of paralysis (2)
 l - a wand of flame (24)
 B - a wand of iceblast (8)
Scrolls
 c - a scroll of vulnerability {unknown}
 i - 2 scrolls of teleportation
 m - a scroll of acquirement {unknown}
 n - 3 scrolls of identify {unknown}
 o - 2 scrolls of immolation {unknown}
 p - a scroll of noise {unknown}
 q - 2 scrolls of enchant weapon {unknown}
 r - a scroll of fog {unknown}
 u - a scroll of magic mapping {unknown}
 x - a scroll of silence {unknown}
 y - 2 scrolls of enchant armour {unknown}
 C - a scroll of amnesia {unknown}
 E - a scroll of brand weapon {unknown}
Potions
 e - 3 potions of curing {unknown}
 g - a potion of might {unknown}
 h - a potion of flight {unknown}
 j - 3 potions of brilliance {unknown}
 t - a potion of lignification {unknown}
 z - a potion of attraction {unknown}
 D - 2 potions of haste {unknown}


   Skills:
 - Level 5.0 Fighting
 - Level 2.1 Dodging
 - Level 3.0 Stealth
 + Level 10.8 Unarmed Combat
 - Level 2.0 Spellcasting
 - Level 0.6 Conjurations
 - Level 2.4 Fire Magic


You had 10 spell levels left.
You knew the following spells:

 Your Spells              Type           Power      Damage    Failure   Level
a - Foxfire               Conj/Fire      24%        2x1d5     11%         1

Your spell library contained the following spells:

 Spells                   Type           Power      Damage    Failure   Level
 Scorch                   Fire           18%        2d5       11%         2
 Conjure Flame            Conj/Fire      6%         6-21      30%         3
 Inner Flame              Hex/Fire       5%         N/A       34%         3
 Flame Wave               Conj/Fire      6%         2d5       71%         4


Dungeon Overview and Level Annotations

Branches:
Dungeon (7/15)             Temple (1/1) D:6

Altars:
Cheibriados
Dithmenos
Elyvilon
Gozag
Kikubaaqudgha
Makhleb
Qazlal
Sif Muna
Trog
Uskayaw
Vehumet
Wu Jian
Xom
Yredelemnul
Zin
The Shining One

Annotations:
D:7 Joseph


Innate Abilities, Weirdness & Mutations

Your natural rate of healing is accelerated.
You have razor-sharp teeth.
You have supernaturally acute eyesight. (SInv)
You are afflicted with vampirism and can become a bat while bloodless.
[You are frail. (-10% HP)]


Message History

You slide downwards.
The hatch slams shut behind you.
Level annotation: Joseph The gnoll shouts!
You hear a shout! x2
Unknown command.
A wight comes into view. It is wielding a +0 halberd.
A gnoll sergeant comes into view. It is wielding a +1 vorpal spear.
You lunge at the wyvern zombie.
The helpless wyvern zombie fails to defend itself.
You punch the wyvern zombie!
The wyvern zombie is lightly damaged.
The wyvern zombie barely misses you.
You punch the wyvern zombie!
The wyvern zombie is moderately damaged.
The wyvern zombie bites you. The wyvern zombie misses you.
A gnoll comes into view. It is wielding a +0 club.
The gnoll hits you with a +0 spear.
The gnoll moves out of view.
You hit the gnoll.
The gnoll is lightly wounded.
The wyvern zombie bites you! The gnoll closely misses you.
You punch the gnoll! You bite the gnoll.
The gnoll is almost dead.
The wyvern zombie bites you. The gnoll completely misses you.
You closely miss the gnoll. You bite the gnoll.
You kill the gnoll!
The Council accepts your kill. The wyvern zombie closely misses you.
The wyvern zombie bites you but does no damage.
You see here a +0 spear.
A gnoll comes into view. It is wielding a +1 whip of pain.
The gnoll shouts!
A gnoll comes into view.
It is wielding a +0 flail and quivering poisoned darts.
The wight hits you from afar with a +0 halberd!
You feel drained.
As you read the scroll of teleportation, it crumbles to dust.
You feel strangely unstable.
The wight hits you from afar with a +0 halberd!
* * * LOW HITPOINT WARNING * * *
You feel drained.
You die...

#########g.g
#.)@.......g
#z#######...
#Z# #.# #.#
#.# #.# #.#
...


You could see a wight and a gnoll.

Vanquished Creatures
  Sigmund (D:2)
  2 water moccasins
  A black bear (D:5)
  2 ice beasts
  A necrophage (D:4)
  An ogre (D:2)
  A centaur (D:6)
  A phantom (D:6)
  2 scorpions
  3 wights (D:6)
  2 hounds
  3 orc priests
  2 bullfrog skeletons
  An iguana (D:6)
  A gnoll shaman (D:5)
  4 orc wizards
  7 adders
  6 gnolls
  A shadow imp (D:6)
  An adder skeleton (D:4)
  2 worms
  12 orcs
  8 endoplasms
  2 giant cockroaches
  6 goblins
  8 hobgoblins
  3 jackals
  6 quokkas
  9 ball pythons
  6 bats
  A frilled lizard (D:2)
  6 kobolds
  6 rats
118 creatures vanquished.

Vanquished Creatures (others)
  20 foxfires (D:1)
20 creatures vanquished.

Grand Total: 138 creatures vanquished

Notes
Turn   | Place    | Note
-------+----------+-------------------------------------------
     0 | D:1      | SnakkuSnakku7 the Vampire Fire Elementalist began the quest
                  | for the Orb.
     0 | D:1      | Reached XP level 1. HP: 13/13 MP: 3/3
   175 | D:1      | Reached skill level 1 in Unarmed Combat
   308 | D:1      | Reached XP level 2. HP: 15/19 MP: 3/5
   319 | D:1      | Reached skill level 2 in Unarmed Combat
   504 | D:1      | Found a faded altar of an unknown god.
   835 | D:2      | Reached skill level 1 in Fighting
   844 | D:2      | Noticed an ogre
   946 | D:2      | Gained mutation: You are afflicted with vampirism and can
                  | become a bat while bloodless. [Vampire growth]
   946 | D:2      | Reached XP level 3. HP: 26/26 MP: 6/6
   990 | D:2      | HP: 1/26 [poisoned by an adder]
  1328 | D:3      | Reached XP level 4. HP: 15/35 MP: 7/7
  2061 | D:2      | Reached XP level 5. HP: 40/41 MP: 8/8
  2114 | D:2      | Killed an ogre
  2321 | D:2      | Noticed Sigmund
  2333 | D:2      | Killed Sigmund
  2334 | D:2      | Reached skill level 5 in Fighting
  2334 | D:2      | Reached skill level 3 in Unarmed Combat
  2334 | D:2      | Reached XP level 6. HP: 51/51 MP: 9/9
  2721 | D:4      | Reached skill level 4 in Unarmed Combat
  2723 | D:4      | Noticed an ice beast
  2841 | D:3      | Killed an ice beast
  2842 | D:3      | Reached skill level 5 in Unarmed Combat
  2842 | D:3      | Reached XP level 7. HP: 56/56 MP: 10/10
  2903 | D:4      | Reached skill level 6 in Unarmed Combat
  3447 | D:5      | Entered Level 5 of the Dungeon
  3620 | D:5      | Reached skill level 7 in Unarmed Combat
  4208 | D:6      | Reached skill level 8 in Unarmed Combat
  4208 | D:6      | Reached XP level 8. HP: 44/49 MP: 11/11
  4414 | D:5      | Reached skill level 9 in Unarmed Combat
  4780 | D:6      | Identified the +7 trident "Jaoqown" {flame, Stlth+}
  5031 | D:6      | Found a staircase to the Ecumenical Temple.
  5046 | Temple   | Entered the Ecumenical Temple
  5142 | Temple   | Became a worshipper of the Wu Jian Council
  5209 | D:6      | Reached skill level 10 in Unarmed Combat
  5635 | D:7      | Noticed Joseph
  5803 | D:7      | Slain by a wight

Illustrated notes

Levels and vault maps discovered:
D:1:      amcnicky_arrival_abandoned_market, layout_basic,
          ebering_ecumenical_altar_webs
D:2:      minmay_inner_zag, layout_loops_ring, uniq_sigmund
D:3:      layout_basic
D:4:      layout_loops_ring
D:5:      layout_basic, minmay_misc_feat_rugged, minmay_crystal_water
D:6:      layout_basic, minmay_temple_entry_proselytizer, lemuel_another_geyser
D:7:      layout_basic, uniq_joseph
Temple:   minmay_crystal_snake_temple

Skill      XL: |  1  2  3  4  5  6  7  8 |
---------------+-------------------------+-----
Unarmed Combat | 1 2 3 5 8 10 | 10.8
Fighting       | 1 3 5 |  5.0
Dodging        | |  2.1
Stealth        | |  3.0
Spellcasting   | |  2.0
Conjurations   | |  0.6
Fire Magic     | |  2.4

Action                   |  1- 3 |  4- 6 |  7- 9 || total
-------------------------+-------+-------+-------++-------
Melee: Unarmed           |    22 |       |    55 ||    77
       Bite              |     9 |    11 |    28 ||    48
       Short sword       |    59 |    85 |   148 ||   292
       Punch             |     1 |     4 |    15 ||    20
       Trident           |       |       |     8 ||     8
Throw: Throwing net      |       |       |     2 ||     2
 Cast: Foxfire           |    13 |       |       ||    13
Invok: Lunge             |       |       |     3 ||     3
 Abil: Exsanguinate      |       |       |     1 ||     1
       Revivify          |       |       |     1 ||     1
Evoke: Wand              |       |     5 |     6 ||    11
  Use: Scroll            |       |     1 |     1 ||     2
 Stab: Sleeping          |     6 |     3 |     9 ||    18
       Distracted        |       |     2 |       ||     2
       Paralysed         |       |    13 |     5 ||    18
       Held in net/web   |       |       |     2 ||     2
Armor: Robe              |    11 |    25 |    34 ||    70
Dodge: Dodged            |    48 |    54 |   141 ||   243
